 Dungeon Sprint DCSS version 0.30-a0-210-g01b79a254e (webtiles) character file.

Game seed: 7694732675458674359

2486 rocky1 the Fighter (level 9, -1/110 HPs)
             Began as an Ogre Fighter on Oct 5, 2022.
             Was a Priest of Cheibriados.
             Slain by a troll (16 damage)
             ... in the Dungeon (Sprint IX: "|||||||||||||||||||||||||||||").
             The game lasted 00:02:53 (559 turns).

rocky1 the Fighter (Ogre Fighter)                    Turns: 559, Time: 00:02:53

Health: -1/110     AC:  6    Str: 34    XL:     9   Next: 52%
Magic:  9/9        EV: 15    Int: 17    God:    Cheibriados [***...]
Gold:   0          SH: 11    Dex: 16    Spells: 8/8 levels left

rFire   . . .      SeeInvis .    m - +2 morningstar (vorpal)
rCold   . . .      Faith    .    c - +0 kite shield
rNeg    . . .      Spirit   .    b - +0 robe
rPois   .          Reflect  .    (helmet restricted)
rElec   .          Harm     .    n - +0 cloak
rCorr   .          Rampage  .    (gloves unavailable)
Will    .....      NoTele   +    (boots unavailable)
Stlth   +.........               (no amulet)
HPRegen 0.38/turn                o - +2 ring of protection
MPRegen 0.11/turn                p - +2 ring of evasion

@: mighty, very slow
A: large, unfitting armour, tough skin 1
a: Renounce Religion, Bend Time, Temporal Distortion


You were in the Dungeon.
You worshipped Cheibriados.
Cheibriados was most pleased with you.
You visited 1 branch

Inventory:

Hand Weapons
 a - a +0 flail
 m - a +2 vorpal morningstar (weapon)
Armour
 b - a +0 robe (worn)
 c - a +0 kite shield (worn)
 n - a +0 cloak (worn)
Jewellery
 o - a +2 ring of protection (left hand)
 p - a +2 ring of evasion (right hand)
Wands
 l - a wand of quicksilver (10)
Scrolls
 j - 2 scrolls of blinking
 k - 2 scrolls of amnesia
Potions
 e - 4 potions of curing
 g - a potion of haste
 h - 4 potions of magic


   Skills:
 + Level 13.1 Fighting
 * Level 12.6 Maces & Flails
 + Level 9.3 Dodging
 + Level 10.2 Shields


You had 8 spell levels left.
You didn't know any spells.
Your spell library was empty.

Dungeon Overview and Level Annotations

Branches:
Dungeon (1/1)

Altars:
Cheibriados
Dithmenos
Elyvilon
Fedhas
Gozag
Hepliaklqana
Kikubaaqudgha
Makhleb
Nemelex Xobeh
Okawaru
Qazlal
Ru
Sif Muna
Trog
Uskayaw
Vehumet
Wu Jian
Xom
Yredelemnul
Zin
The Shining One
Jiyva
Lugonu


Innate Abilities, Weirdness & Mutations

You are too large for most types of armour.
You have tough skin. (AC +1)


Message History

* * * LOW HITPOINT WARNING * * *
Unknown command.
You sock the centaur warrior!
You kill the centaur warrior!
Cheibriados thoroughly appreciates the change of pace.
Cheibriados raises the support of your attributes as your movement slows.
Your Fighting skill increases to level 12!
Your Maces & Flails skill increases to level 12!
Your Dodging skill increases to level 9!
You have reached level 9!
Your experience leads to an increase in your attributes!
Your base attributes are Str 23, Int 9, Dex 8.
Increase (S)trength, (I)ntelligence, or (D)exterity?
You feel stronger. x3
Unknown command.
The cyclops barely misses you.
Things that are here:
a +0 shortbow; a centaur corpse You bludgeon the cyclops!!
The cyclops is heavily wounded.
The cyclops closely misses you.
You bludgeon the cyclops!!
You kill the cyclops!
Cheibriados appreciates the change of pace.
Cheibriados raises the support of your attributes as your movement slows.
Your Fighting skill increases to level 13!
Your Shields skill increases to level 10!
You puncture the troll!
The troll is moderately wounded.
The troll misses you. You block the troll's attack. The troll misses you.
You completely miss the troll.
The troll is moderately wounded.
You block the troll's attack. x2; The troll completely misses you.
You closely miss the troll.
The troll is lightly wounded.
The troll closely misses you. You block the troll's attack. x2
You bludgeon the troll!!
The troll is almost dead.
The troll bites you!
You die... ▓▓▓▓▓▓▓▓▓▓▓▓▓▓▓▓▓▓▓▓▓▓▓ .).[.[..'))....)@T....+ ▓▓▓▓▓▓▓▓▓▓▓▓▓▓▓▓▓▓▓▓▓▓▓

You could see a troll.

Vanquished Creatures
  A centaur warrior (D)
  A manticore (D)
  A cyclops (D)
  A gargoyle (D)
  An unseen horror (D)
  A yak (D)
  3 orc warriors (D)
  A necrophage (D)
  A howler monkey (D)
  A hound (D)
  An iguana (D)
  An orc wizard (D)
  2 dart slugs (D)
  An orc (D)
  A hobgoblin (D)
  A ball python (D)
  A frilled lizard (D)
  A kobold (D)
21 creatures vanquished.

Notes
Turn   | Place    | Note
-------+----------+-------------------------------------------
     0 | D        | rocky1 the Ogre Fighter began the quest for the Orb.
     0 | D        | Reached XP level 1. HP: 24/24 MP: 1/1
    50 | D        | Noticed a necrophage
    50 | D        | Noticed an iguana
    50 | D        | Noticed a hound
    57 | D        | Reached XP level 2. HP: 33/33 MP: 2/2
    60 | D        | Killed a necrophage
    61 | D        | Reached skill level 6 in Fighting
    61 | D        | Reached XP level 3. HP: 44/44 MP: 3/3
    61 | D        | Reached XP level 4. HP: 52/52 MP: 4/4
    63 | D        | Reached skill level 5 in Maces & Flails
    69 | D        | Reached skill level 7 in Fighting
    69 | D        | Reached skill level 5 in Shields
    69 | D        | Reached XP level 5. HP: 57/62 MP: 5/5
    91 | D        | Found a snail-covered altar of Cheibriados.
    91 | D        | Found a shadowy altar of Dithmenos.
    91 | D        | Found a white marble altar of Elyvilon.
    91 | D        | Found a blossoming altar of Fedhas.
    91 | D        | Found an opulent altar of Gozag.
    92 | D        | Found a hazy altar of Hepliaklqana.
    93 | D        | Found a viscous altar of Jiyva.
    94 | D        | Found an ancient bone altar of Kikubaaqudgha.
    95 | D        | Became a worshipper of Cheibriados the Contemplative
    96 | D        | Found a corrupted altar of Lugonu.
    97 | D        | Found a burning altar of Makhleb.
    98 | D        | Found a sparkling altar of Nemelex Xobeh.
    99 | D        | Found an iron altar of Okawaru.
   100 | D        | Found a stormy altar of Qazlal.
   101 | D        | Found a sacrificial altar of Ru.
   102 | D        | Found a shimmering blue altar of Sif Muna.
   103 | D        | Found a bloodstained altar of Trog.
   104 | D        | Found a hide-covered altar of Uskayaw.
   105 | D        | Found a radiant altar of Vehumet.
   106 | D        | Found an ornate altar of the Wu Jian Council.
   107 | D        | Found a shimmering altar of Xom.
   108 | D        | Found a basalt altar of Yredelemnul.
   109 | D        | Found a glowing silver altar of Zin.
   110 | D        | Found a glowing golden altar of the Shining One.
   257 | D        | Noticed an orc warrior
   257 | D        | Noticed a yak
   257 | D        | Noticed an orc warrior
   257 | D        | Noticed an orc warrior
   260 | D        | Reached skill level 5 in Dodging
   262 | D        | Killed an orc warrior
   263 | D        | Reached skill level 8 in Fighting
   263 | D        | Reached XP level 6. HP: 63/72 MP: 6/6
   274 | D        | Killed a yak
   274 | D        | Reached * piety under Cheibriados
   275 | D        | Reached skill level 9 in Fighting
   278 | D        | Killed an orc warrior
   279 | D        | Reached XP level 7. HP: 37/83 MP: 7/7
   289 | D        | Reached ** piety under Cheibriados
   290 | D        | Reached skill level 10 in Fighting
   530 | D        | Noticed a gargoyle
   530 | D        | Noticed a manticore
   530 | D        | Noticed a centaur warrior
   530 | D        | Noticed a cyclops
   530 | D        | Noticed a troll
   538 | D        | Killed a gargoyle
   539 | D        | Reached skill level 10 in Maces & Flails
   539 | D        | Reached XP level 8. HP: 36/96 MP: 8/8
   540 | D        | Killed an unseen horror
   541 | D        | Reached skill level 11 in Fighting
   545 | D        | Killed a manticore
   545 | D        | Reached *** piety under Cheibriados
   546 | D        | HP: 4/98 [centaur warrior (2)]
   552 | D        | Killed a centaur warrior
   553 | D        | Reached skill level 12 in Fighting
   553 | D        | Reached XP level 9. HP: 12/109 MP: 9/9
   555 | D        | Killed a cyclops
   556 | D        | Reached skill level 13 in Fighting
   556 | D        | Reached skill level 10 in Shields
   559 | D        | Slain by a troll

Illustrated notes

Levels and vault maps discovered:
D:        linesprint [early_d, line_temple, items_1, d_10, items_2, lair_1,
          lair_end, items_3, orc_1, orc_end, items_4, d_15, swamp_1, shoals_1,
          snake_1, spider_1, d_20, vaults_1, items_5, swamp_end, shoals_end,
          snake_end, spider_end, vaults_end, d_27, items_6, zot_1, zot_end,
          crypt_end, forest_end, elf_end, slime_end, tomb_end, abyss_end,
          pan_hell_end]

Skill      XL: |  1  2  3  4  5  6  7  8  9 |
---------------+----------------------------+-----
Maces & Flails | 2 4 5 7 8 10 12 | 12.6
Dodging        | 3 4 5 6 7 9 |  9.3
Fighting       | 6 7 8 9 10 12 13 | 13.1
Shields        | 4 5 6 7 8 9 10 | 10.2

Action                   |  1- 3 |  4- 6 |  7- 9 || total
-------------------------+-------+-------+-------++-------
Melee: Flail             |    28 |     7 |       ||    35
       Morningstar       |       |    20 |    33 ||    53
  Use: Potion            |     2 |     1 |     4 ||     7
 Stab: Invisible         |       |     5 |       ||     5
Armor: Robe              |     5 |     2 |    13 ||    20
Dodge: Dodged            |     7 |    13 |    17 ||    37
Block: Kite shield       |     8 |     8 |    20 ||    36

Table legend: (Time is in decaauts)
 A = Elapsed time spent in this place.
 B = Non-inter-level travel time spent in this place.
 C = Inter-level travel time spent in this place.
 D = Time resting spent in this place.
 E = Time spent auto-exploring this place.
 F = Levels seen in this place.
 G = Mean time per level.
                   A        B        C        D        E       F      G
               +--------+--------+--------+--------+--------+-----+--------+
         Total |    600 |    600 |      0 |    376 |      0 |   1 |  600.0 |
       Dungeon |    600 |    600 |      0 |    376 |      0 |   1 |  600.0 |
               +--------+--------+--------+--------+--------+-----+--------+

Top non-repeatable levels by time:
       D: 600 daAuts
